 Dungeon Crawl Stone Soup version 0.31-a0-931-g7b59d4eb97 (webtiles) character file.

Game seed: 3664814033171426333

52 Aneyh the Trooper (level 3, -2/24 HPs)
             Began as a Tengu Monk on Oct 20, 2023.
             Slain by a kobold
             ... wielding a +0 short sword
              (3 damage)
             ... on level 2 of the Dungeon.
             The game lasted 00:01:21 (1386 turns).

Aneyh the Trooper (Tengu Monk)                      Turns: 1386, Time: 00:01:22

Health: -2/24      AC:  2    Str: 13    XL:     3   Next: 85%
Magic:  4/4        EV: 13    Int: 10    God:
Gold:   33         SH:  0    Dex: 16    Spells: 2/2 levels left

rFire   . . .        b - +3 short sword
rCold   . . .        (no shield)
rNeg    . . .        m - +0 robe
rPois   .            (helmet restricted)
rElec   .            (no cloak)
rCorr   .            (no gloves)
SInv    .            (boots unavailable)
Will    .....        (no amulet)
Stlth   +            (no ring)
HPRegen 0.24/turn    (no ring)
MPRegen 0.09/turn

%: acrobat
@: no status effects
A: beak, talons 3, acrobatic
a: no special abilities


You were on level 2 of the Dungeon.
You visited 1 branch of the dungeon, and saw 2 of its levels.

You collected 33 gold pieces.

Inventory:

Hand Weapons
 a - a +0 spear
 b - a +3 short sword (weapon)
Armour
 d - an orb of light
 m - a +0 robe (worn)
Scrolls
 g - 3 scrolls of identify {unknown}
 i - 2 scrolls of immolation {unknown}
 j - a scroll of blinking {unknown}
 k - a scroll of teleportation {unknown}
 n - a scroll of fear {unknown}
 o - a scroll of enchant armour {unknown}
 p - a scroll of enchant weapon {unknown}
Potions
 e - 2 potions of attraction {unknown}
 f - a potion of might {unknown}
 h - a potion of enlightenment {unknown}
 l - 2 potions of berserk rage {unknown}


   Skills:
 * Level 4.1 Fighting
 + Level 4.0 Polearms
 - Level 3.2 Dodging


You had 2 spell levels left.
You didn't know any spells.
Your spell library was empty.

Dungeon Overview and Level Annotations

Branches:
Dungeon (2/15)

Altars:

Shops:
D:1 **!


Innate Abilities, Weirdness & Mutations

You have a beak for a mouth.
You have claws for feet.
You can magically evade attacks while moving or waiting.


Message History

The gnoll shouts! x2
There is an open door here.
There are monsters nearby!
Found a viscous purple potion.
The gnoll shouts!
The gnoll completely misses you. The gnoll misses you.
The gnoll completely misses you. The gnoll closely misses you.
The gnoll barely misses you.
There are monsters nearby!
You puncture the gnoll! You peck the gnoll, but do no damage.
The gnoll is heavily wounded.
The gnoll hits you from afar with a +2 vampiric spear.
The gnoll hits you with a +0 mace!
The gnoll hits you from afar with a +0 spear.
The gnoll closely misses you.
You are too injured to fight recklessly!
Unknown command.
The gnoll attacks as it pursues you! The gnoll completely misses you.
The gnoll hits you from afar with a +1 halberd of venom.
* * * LOW HITPOINT WARNING * * *
Sorry, you're not good enough to have a special ability.
You are confused.
You feel invigorated. The gnoll hits you with a +0 mace.
* * * LOW HITPOINT WARNING * * *
The gnoll closely misses you. The gnoll misses you.
There is an open door here.
You're too confused to move!
The gnoll hits you from afar with a +2 vampiric spear!
* * * LOW HITPOINT WARNING * * *
The kobold barely misses you.
You're too confused to move!
You feel less invigorated.
You feel less confused. The gnoll hits you with a +0 mace.
* * * LOW HITPOINT WARNING * * *
The gnoll closely misses you. x2
The gnoll hits you from afar with a +0 spear.
* * * LOW HITPOINT WARNING * * *
The kobold hits you with a +0 short sword.
You die...

#. ###.# ..... ##...#
##....<## ### # #
#.......## ##.###.#
..)......####...##.#######
.......gg@........#.......
.......gK####....###.#####
#......g## #...## ##.# ..
##......# #.##.###.## ##
#....... #.....#.##
.....#''# #####..##
##....... #.## #..P....
#.# #.#...!. ..#


You could see 4 gnolls and a kobold.

Vanquished Creatures
  2 adders (D:2)
  2 worms (D:2)
  A ball python (D:2)
  2 endoplasms (D:1)
  A giant cockroach (D:1)
  2 goblins (D:2)
  4 hobgoblins
  2 jackals (D:1)
  3 quokkas (D:1)
  3 frilled lizards
  2 kobolds
  3 rats (D:1)
27 creatures vanquished.

Notes
Turn   | Place    | Note
-------+----------+-------------------------------------------
     0 | D:1      | Aneyh the Tengu Monk began the quest for the Orb.
     0 | D:1      | Reached XP level 1. HP: 14/14 MP: 2/2
    98 | D:1      | Found Coashyuc's General Store.
   110 | D:1      | Found Geed Gekigh's Assorted Antiques.
   225 | D:1      | Reached XP level 2. HP: 11/19 MP: 3/3
   788 | D:1      | Found Jousm's Distillery.
  1020 | D:2      | Reached XP level 3. HP: 18/24 MP: 4/4
  1386 | D:2      | HP: 1/24 [gnoll/+0 spear (2)]
  1386 | D:2      | Slain by a kobold

Illustrated notes

Levels and vault maps discovered:
D:1:      co_arrival_random_square_maze, layout_loops_corners, serial_shops,
          shop, nicolae_shop_hallway_stairs, nicolae_shop_window_shopping
D:2:      cheibrodos_old_hovel, layout_loops_corners

Skill      XL: |  1  2  3 |
---------------+----------+-----
Fighting       | 4 |  4.1
Polearms       | 4 |  4.0
Dodging        | |  3.2

Action                     || total
---------------------------++-------
  Melee: Spear             ||    47
         Kick              ||    15
         Peck              ||     7
         Short sword       ||    26
    Use: Potion            ||     1
   Stab: Sleeping          ||     4
 Armour: Robe              ||    29
  Dodge: Dodged            ||    48

Table legend: (Time is in decaauts)
 A = Elapsed time spent in this place.
 B = Non-inter-level travel time spent in this place.
 C = Inter-level travel time spent in this place.
 D = Time resting spent in this place.
 E = Time spent auto-exploring this place.
 F = Levels seen in this place.
 G = Mean time per level.
                   A        B        C        D        E       F      G
               +--------+--------+--------+--------+--------+-----+--------+
         Total |   1382 |   1358 |     24 |     76 |   1088 |   2 |  691.0 |
       Dungeon |   1382 |   1358 |     24 |     76 |   1088 |   2 |  691.0 |
               +--------+--------+--------+--------+--------+-----+--------+

Top non-repeatable levels by time:
     D:1: 956 daAuts
     D:2: 425 daAuts
